Map: Overgrown Facility

Players

OpuS - Winner!

  • Race: Protoss Protoss
  • League: Diamond
  • Spawn Location: 3:00

Sketchaphone - Winner!

  • Race: Zerg Zerg
  • League: Gold
  • Spawn Location: 1:00

Bowesy

  • Race: Zerg Zerg
  • League: Gold
  • Spawn Location: 7:00

Drizzllleeee

  • Race: Protoss Protoss
  • League: Platinum
  • Spawn Location: 9:00

VOD

Have the link to the VOD?

Description

Time

  • Played on: Jan. 10, 2019, 8:55 p.m.
  • Length: 16:54
Show
View Real Time Build Order
Export as new Build Order

OpuS Protoss - Winner!

Build Orders:  

Get SALT Encoding   

  12  0:00  Probe  
  13  0:13  Probe  
  14  0:19  Pylon  
  14  0:25  Probe  
  15  0:38  Gateway  
  15  0:39  Probe  
  16  0:47  Probe  
  16  0:50  Assimilator  
  16  0:55  Probe  
  18  1:08  Probe  
  19  1:32  Probe  
  19  1:38  Cybernetics Core  
  20  1:40  Probe  
  21  1:48  Probe  
  22  1:57  Pylon  
  22  2:00  Probe  
  23  2:15  Probe  
  23  2:17  Zealot, Forge  
  23  2:21  Warp Gate  
  26  2:26  Shield Battery  
  26  2:34  Gateway  
  26  2:35  Gateway  
  25  2:37  Pylon  
  25  2:42  Adept  
  27  2:52  Photon Cannon  
  27  2:59  Assimilator  
  27  3:11  Gateway  
  26  3:18  Sentry, Adept  
  26  3:19  Adept  
  32  3:27  Pylon  
  32  4:09  Zealot  
  34  4:10  Zealot x3  
  34  4:14  Twilight Council  
  40  4:24  Probe  
  41  4:30  Sentry x3  
  47  4:35  Pylon  
  45  5:10  Pylon  
  45  5:12  Pylon  
  40  5:25  Charge  
  30  5:48  Zealot x3  
  30  5:49  Zealot  
  38  6:01  Nexus  
  38  6:14  Shield Battery  
  38  6:18  Shield Battery  
  38  6:19  Shield Battery  
  38  6:28  Probe  
  39  6:40  Probe, Robotics Facility  
  40  6:56  Protoss Ground Weapons Level 1  
  40  7:04  Probe  
  41  7:12  Sentry  
  43  7:16  Probe x2  
  45  7:28  Probe x2  
  45  7:29  Zealot x3  
  53  7:40  Probe x2  
  53  7:41  Zealot  
  57  7:52  Probe  
  57  7:53  Probe  
  59  8:05  Probe x2  
  61  8:17  Probe  
  46  8:35  Zealot x2  
  46  8:36  Zealot x2  
  46  8:38  Probe x2  
  56  8:44  Immortal  
  56  8:45  Robotics Facility  
  58  8:50  Probe  
  58  8:55  Stargate  
  59  8:57  Stargate  
  59  9:02  Stalker x3  
  57  9:27  Stalker x4  
  57  9:33  Immortal  
  57  9:37  Assimilator  
  55  9:41  Assimilator  
  43  9:54  Void Ray  
  43  9:56  Void Ray  
  51  10:10  Immortal  
  51  10:13  Probe x2  
  57  10:25  Probe x2  
  59  10:32  Immortal  
  63  10:37  Probe x2  
  65  10:45  Void Ray  
  65  10:49  Shield Battery, Probe  
  70  11:10  Pylon  
  70  11:12  Pylon  
  70  11:14  Pylon  
  70  11:28  Void Ray  
  70  11:32  Immortal x2  
  82  11:51  Nexus  
  74  12:23  Immortal x2  
  74  12:25  Probe x2  
  80  12:34  Void Ray x2  
  88  12:37  Probe  
  89  13:03  Immortal  
  93  13:09  Pylon  
  93  13:11  Pylon  
  93  13:13  Pylon  
  93  13:17  Void Ray x2  
  101  13:21  Immortal  
Show
View Real Time Build Order
Export as new Build Order

Sketchaphone Zerg - Winner!

Build Orders: Hatch First 

Get SALT Encoding   

  12  0:01  Drone  
  13  0:13  Overlord  
  13  0:18  Drone  
  14  0:26  Drone, Extractor  
  15  0:35  Drone  
  16  0:39  Drone  
  17  0:58  Hatchery  
  16  1:04  Drone  
  16  1:09  Drone x2, Extractor  
  18  1:25  Spawning Pool  
  17  1:32  Drone x2  
  19  1:41  Drone  
  20  1:50  Overlord  
  20  2:04  Drone  
  21  2:13  Queen  
  21  2:15  Zergling x2  
  24  2:17  Metabolic Boost  
  24  2:20  Zergling x2  
  25  2:24  Spine Crawler  
  25  2:29  Drone  
  25  2:31  Zergling x2  
  26  2:41  Baneling Nest  
  26  2:42  Drone  
  26  2:43  Zergling x2  
  26  3:02  Overlord  
  26  3:03  Drone x3  
  29  3:06  Drone  
  29  3:09  Drone  
  31  3:18  Overlord  
  31  3:19  Drone  
  32  3:27  Baneling x2  
  32  3:52  Hatchery  
  31  4:00  Drone  
  31  4:01  Drone  
  31  4:10  Zergling x8  
  31  4:14  Queen  
  31  4:15  Overlord  
  37  4:19  Zergling x4  
  37  4:20  Zergling x2  
  40  4:26  Overlord, Drone  
  40  4:27  Drone  
  42  4:39  Pneumatized Carapace  
  40  4:49  Zergling x6  
  40  4:56  Baneling x2  
  40  4:57  Baneling  
  40  4:59  Baneling  
  40  5:02  Baneling  
  40  5:09  Overlord, Zergling x10  
  44  5:20  Zergling x4  
  44  5:21  Zergling x6  
  45  5:31  Baneling x2  
  45  5:40  Queen, Drone x2  
  48  5:46  Lair  
  48  5:49  Extractor  
  47  5:51  Evolution Chamber  
  47  5:52  Overlord, Evolution Chamber, Drone x3  
  48  5:57  Drone x2  
  48  6:03  Baneling  
  48  6:04  Baneling  
  50  6:06  Hatchery  
  49  6:16  Overlord  
  49  6:17  Overlord x2  
  49  6:18  Overlord  
  49  6:19  Drone x2  
  51  6:43  Drone x3  
  54  6:47  Queen  
  56  7:00  Overlord, Drone x3  
  59  7:07  Overlord  
  59  7:09  Zerg Ground Armor Level 1  
  59  7:16  Drone  
  59  7:20  Spore Crawler  
  59  7:33  Zerg Missile Weapons Level 1  
  59  7:34  Zergling x14  
  59  7:35  Roach Warren, Zergling x12  
  71  7:46  Hydralisk Den  
  70  8:13  Spire  
  70  8:14  Zergling x2  
  70  8:15  Roach, Zergling x6  
  70  8:16  Roach x3  
  61  8:47  Extractor  
  61  8:48  Overlord x2  
  60  8:49  Roach x3, Extractor, Hydralisk  
  60  8:50  Overlord  
  67  8:58  Drone x2  
  67  8:59  Drone  
  64  9:15  Roach  
  64  9:16  Roach x6  
  78  9:19  Roach  
  72  9:33  Roach x4  
  72  9:34  Roach  
  72  9:35  Zergling x8  
  79  9:41  Zergling x2  
  79  9:42  Zergling x6  
  73  9:48  Zergling x6  
  72  9:53  Hydralisk  
  72  9:54  Hydralisk  
  72  9:55  Zergling x2  
  57  10:07  Hydralisk x3  
  57  10:11  Roach  
  57  10:12  Roach  
  67  10:18  Roach  
  67  10:19  Roach  
  64  10:43  Roach x4  
  64  10:44  Roach x6  
  64  10:47  Grooved Spines  
  64  10:48  Roach  
  75  11:11  Roach x7  
  73  11:14  Drone  
  86  11:44  Hatchery  
  86  11:46  Roach  
  86  11:47  Roach x2  
  83  12:06  Zergling x2  
  83  12:07  Zergling x14  
  85  12:22  Zergling x6  
  70  12:23  Zerg Ground Armor Level 2  
  70  12:37  Mutalisk x2  
  70  12:40  Zerg Missile Weapons Level 2  
  69  13:06  Ravager  
  69  13:11  Mutalisk x6  
  71  13:25  Zergling x8  
  75  13:35  Mutalisk x5  
  83  13:52  Hydralisk  
  83  13:53  Hydralisk x3  
  79  14:12  Mutalisk x4  
  79  14:13  Mutalisk x2  
  83  14:35  Mutalisk x6  
  83  14:36  Mutalisk x4  
  98  14:48  Zerg Flyer Weapons Level 1  
  98  14:49  Mutalisk  
  98  14:50  Mutalisk x4  
  103  14:53  Zergling x4  
  103  14:59  Drone, Hatchery  
  105  15:00  Mutalisk  
  96  15:39  Mutalisk  
  96  15:40  Mutalisk x6  
  110  15:43  Zergling x12  
  110  15:44  Zergling x2  
  117  15:50  Zergling x2  
  118  16:16  Mutalisk x7  
  118  16:18  Zergling x4  
  134  16:29  Mutalisk x2  
Show
View Real Time Build Order
Export as new Build Order

Bowesy Zerg 

Build Orders: Hatch First 

Get SALT Encoding   

  12  0:01  Drone  
  13  0:12  Drone  
  14  0:19  Overlord  
  14  0:44  Hatchery  
  13  1:00  Spawning Pool  
  13  1:04  Drone  
  13  1:08  Drone  
  14  1:13  Extractor  
  14  1:16  Drone  
  14  1:24  Drone  
  15  1:27  Drone  
  16  1:44  Drone  
  16  1:46  Queen  
  17  1:47  Drone  
  20  1:57  Zergling x2  
  21  2:02  Zergling x2  
  22  2:11  Zergling x4  
  24  2:18  Zergling x2  
  24  2:20  Metabolic Boost  
  25  2:23  Zergling x2  
  26  2:36  Zergling x4  
  28  2:41  Overlord  
  28  2:46  Overlord  
  28  2:59  Queen  
  28  3:00  Zergling x4  
  28  3:05  Overlord  
  32  3:08  Zergling x2  
  32  3:12  Zergling x2  
  34  3:25  Zergling x4  
  34  3:26  Zergling x4  
  38  3:32  Zergling x2  
  39  3:48  Zergling x6  
  40  3:49  Zergling x2  
  35  4:15  Zergling x2  
  35  4:16  Zergling x8  
  40  4:31  Roach Warren  
  39  4:43  Zergling x10  
  44  4:51  Zergling x2  
  45  4:58  Zergling x2  
  46  5:01  Overlord  
  29  5:24  Zergling x6  
  29  5:25  Zergling x2  
  29  5:26  Zergling x2  
  28  5:38  Zergling x2  
  28  5:39  Zergling x2  
  28  5:43  Roach  
  30  5:52  Roach, Extractor  
  30  5:57  Queen  
  31  5:59  Roach x2  
  37  6:07  Roach  
  37  6:10  Roach  
  41  6:16  Drone  
  42  6:20  Roach  
  42  6:22  Roach  
  46  6:26  Zergling x2  
  46  6:31  Roach  
  46  6:32  Queen  
  49  6:36  Drone  
  49  6:38  Drone  
  53  6:51  Roach  
  53  6:52  Roach x2  
  59  7:06  Overlord x2  
  59  7:16  Lair  
  59  7:24  Spore Crawler  
  59  7:27  Spore Crawler  
  57  7:43  Roach x3  
  63  8:01  Roach  
  55  8:37  Roach x2, Zergling x2  
  60  8:51  Overlord x4  
  60  9:14  Roach x2  
  64  9:19  Ravager  
  54  10:14  Roach x3  
  58  10:23  Evolution Chamber  
  57  10:35  Roach  
  59  10:41  Roach  
  61  10:50  Roach  
  63  11:00  Hatchery  
  54  11:25  Hydralisk Den  
  53  11:26  Zerg Missile Weapons Level 1  
  53  11:30  Drone x3  
  56  11:37  Drone x5  
  56  11:38  Drone x3  
  56  11:39  Drone x5  
  69  11:52  Roach x2  
  73  11:58  Hydralisk x2  
  46  12:23  Hydralisk x2  
  46  12:24  Hydralisk x2  
  46  12:28  Hydralisk  
  56  12:45  Hydralisk  
  58  13:05  Hydralisk x2  
  52  13:08  Drone  
  39  13:27  Hydralisk  
  38  13:37  Hydralisk  
  8  14:42  Zergling x6  
  11  14:50  Zergling x6  
  14  15:05  Queen  
  16  15:07  Zergling x2  
  16  15:08  Zergling x4  
  18  15:33  Drone x5  
  23  15:44  Drone x2  
  25  15:52  Zergling x2  
  26  16:06  Zergling x4  
Show
View Real Time Build Order
Export as new Build Order

Drizzllleeee Protoss 

Build Orders:  

Get SALT Encoding   

  12  0:01  Probe  
  13  0:13  Probe  
  14  0:19  Pylon  
  14  0:25  Probe  
  15  0:38  Gateway  
  15  0:40  Probe  
  16  0:51  Assimilator  
  16  0:52  Probe  
  17  1:10  Probe  
  18  1:20  Gateway  
  18  1:24  Probe  
  19  1:29  Assimilator  
  19  1:36  Probe  
  20  1:48  Probe  
  20  1:49  Assimilator  
  21  2:01  Cybernetics Core  
  21  2:04  Probe  
  21  2:08  Pylon  
  22  2:16  Probe  
  23  2:28  Probe  
  24  2:40  Probe, Robotics Facility  
  24  2:41  Adept, Robotics Facility  
  27  3:12  Pylon  
  27  3:19  Immortal  
  27  3:21  Immortal  
  27  3:29  Adept  
  37  3:35  Adept  
  39  3:49  Pylon  
  39  4:04  Adept  
  41  4:10  Adept  
  41  4:14  Warp Gate  
  43  4:21  Immortal  
  47  4:59  Nexus  
  43  5:19  Adept x2  
  37  5:24  Immortal  
  45  5:30  Pylon  
  45  5:40  Immortal  
  45  5:52  Shield Battery x2  
  45  6:07  Pylon  
  45  6:10  Robotics Bay  
  45  6:11  Pylon, Probe  
  45  6:18  Adept  
  48  6:23  Probe  
  49  6:30  Probe  
  50  6:35  Probe  
  50  6:37  Adept  
  53  6:42  Probe  
  54  6:47  Colossus, Probe  
  54  6:51  Assimilator  
  55  6:55  Assimilator  
  61  7:08  Extended Thermal Lance  
  61  7:15  Pylon  
  61  7:30  Forge  
  61  7:46  Colossus  
  61  7:49  Protoss Ground Weapons Level 1  
  61  7:50  Probe  
  68  7:55  Adept x2  
  72  8:00  Observer  
  72  8:02  Probe  
  74  8:17  Photon Cannon  
  74  8:22  Photon Cannon  
  72  8:40  Colossus  
  78  9:02  Nexus  
  60  9:33  Protoss Ground Armor Level 1  
  60  9:35  Pylon  
  60  9:38  Pylon, Adept x2  
  62  9:42  Pylon  
  62  9:44  Gateway  
  60  9:47  Gateway  
  60  9:48  Probe  
  60  9:49  Gateway  
  59  10:00  Probe  
  60  10:15  Twilight Council  
  60  10:17  Stargate  
  60  10:19  Probe, Stargate  
  61  10:23  Probe  
  62  10:31  Probe  
  62  10:35  Probe  
  64  10:44  Probe  
  64  10:47  Probe  
  64  10:48  Resonating Glaives  
  66  11:00  Adept x2  
  66  11:01  Adept x3  
  76  11:12  Protoss Air Weapons Level 1  
  76  11:13  Fleet Beacon  
  76  11:16  Protoss Shields Level 1  
  76  11:17  Probe  
  77  11:24  Assimilator  
  77  11:26  Void Ray  
  77  11:29  Probe, Assimilator  
  82  11:41  Adept  
  84  11:51  Shield Battery  
  84  11:53  Shield Battery  
  84  12:00  Void Ray  
  84  12:01  Void Ray  
  64  12:42  Void Ray x2  
  64  12:45  Pylon  
  64  12:49  Stalker  
  64  12:50  Stalker x4  
  73  12:57  Immortal  
  68  13:09  Protoss Air Armor Level 1  
  68  13:24  Void Ray  
  58  13:40  Adept x3  
  58  13:41  Adept  
  66  13:50  Immortal  
  70  14:13  Phoenix x2  
  74  14:29  Immortal  
  78  14:33  Protoss Shields Level 2  
  78  14:41  Adept x2  
  76  15:20  Void Ray x2  
  64  15:23  Stalker  
  64  15:24  Stalker  
  68  15:36  Immortal  
  72  15:56  Nexus  
  72  16:17  Stalker x3  
Tags
 
Add a new tag
Caveats
  • Supply blocks, unpowered buildings, or Contaminate may cause inaccurate times.
  • Supply counts are checked every 10 seconds.